 Dungeon Crawl Stone Soup version 0.17-a0-670-g5d95ebd (webtiles) character file.

102 Kisielow the Chiller (level 4, -1/24 HPs)
             Began as a Deep Elf Ice Elementalist on Apr 18, 2015.
             Slain by a gnoll
             ... wielding a +0 flail
              (12 damage)
             ... on level 2 of the Dungeon.
             The game lasted 00:06:02 (1254 turns).

Kisielow the Chiller (Deep Elf Ice Elementalist)    Turns: 1254, Time: 00:06:02

Health: -1/24      AC:  2    Str:  5    XL:     4   Next: 50%
Magic:  1/11       EV: 13    Int: 21    God:
Gold:   76         SH:  0    Dex: 15    Spells: 3 memorised, 2 levels left

rFire  . . .     SeeInvis .     e - +0 whip
rCold  . . .     Clarity  .     a - +0 robe
rNeg   . . .     SustAb   .     (no shield)
rPois  .         Gourm    .     (no helmet)
rElec  .         Spirit   .     (no cloak)
rCorr  .         Warding  .     (no gloves)
rMut   .         Stasis   .     (no boots)
MR     .....                    (no amulet)
Stlth  ++........               (no ring)
                                (no ring)

@: very slightly contaminated, not resistant to hostile enchantments, unstealthy
A: no striking features
a: no special abilities


You were on level 2 of the Dungeon.
You were hungry.

You visited 1 branch of the dungeon, and saw 2 of its levels.

You collected 76 gold pieces.

Inventory:

Hand weapons
 e - a +0 whip (weapon)
 f - a +2 vampiric whip
Armour
 a - a +0 robe (worn)
Jewellery
 g - a cursed ring of teleportation {unknown}
Scrolls
 i - 3 scrolls of identify {unknown}
 j - a scroll of remove curse {unknown}
 l - a scroll of immolation {unknown}
 m - a scroll of recharging {unknown}
Potions
 k - a potion of magic {unknown}
Books
 b - a book of Frost

   Spells                             Type                      Level
   a - Freeze                         Ice                          1
   b - Throw Frost                    Conjuration/Ice              2
   c - Ozocubu's Armour               Charms/Ice                   3
   d - Throw Icicle                   Conjuration/Ice              4
   e - Summon Ice Beast               Ice/Summoning                4
   f - Condensation Shield            Ice                          4
Comestibles
 c - 2 bread rations
 d - 3 chunks of flesh
 h - a slice of pizza


   Skills:
 - Level 2.4 Dodging
 - Level 2.4 Stealth
 - Level 3.3 Spellcasting
 * Level 2.5 Conjurations
 + Level 5.2 Ice Magic


You had 2 spell levels left.
You knew the following spells:

 Your Spells              Type           Power        Failure   Level  Hunger
a - Freeze                Ice            ####         1%          1    None
b - Throw Frost           Conj/Ice       ###...       4%          2    ##.....
c - Throw Icicle          Conj/Ice       ###.....     28%         4    ####...


Dungeon Overview and Level Annotations

Branches:
Dungeon (2/15)

Altars:
Gozag
Makhleb
Nemelex Xobeh


Message History

Aiming: Throw Icicle
Press: ? - help, Shift-Dir - straight line, f/p - gnoll
Aim: a gnoll, wielding a halberd (heavily wounded)
You miscast Throw Icicle.
You are very lightly contaminated with residual magic.
A wave of violent energy washes through your body!
The gnoll misses you.
Casting: Throw Icicle
Confirm with . or Enter, or press ? or * to list all spells.
Aiming: Throw Icicle
Press: ? - help, Shift-Dir - straight line, f/p - gnoll
Aim: a gnoll, wielding a halberd (heavily wounded)
The shard of ice hits the gnoll.
You kill the gnoll!
You are feeling hungry.
A kobold comes into view. It is wielding a short sword.
The kobold shouts!
The gnoll hits you with a flail!
Ouch! That really hurt!
You die...

#. #.#.#....## #.
#.#.#.##.#
#..#.#)#.##(#
#..#.#.#.##.#
#....).#.##.#####
#.##g###.##.....#
#.#..........##.#
####.#g.....###.##.#
+....@........#.##.#
####.######...#.##.#
#.#....#...#.##.#
#.#.##.#...#.##.#
#.#.##.#.#.#.##.#
#.#.##.#.#.#.##.#
#.#.##.#.#.#.##.#
K.#.##.#.#...##.#
######.##.#.######.#


You could see 2 gnolls and a kobold.

Vanquished Creatures
  A crimson imp (D:2)
  2 gnolls (D:2)
  2 adders (D:2)
  A worm (D:2)
  A ball python (D:1)
  A giant cockroach (D:1)
  7 goblins
  3 hobgoblins
  3 bats
  A giant gecko (D:1)
  4 giant newts
  3 kobolds (D:1)
  3 rats (D:1)
32 creatures vanquished.

Notes
Turn   | Place    | Note
--------------------------------------------------------------
     0 | D:1      | Kisielow, the Deep Elf Ice Elementalist, began the quest for the Orb.
     0 | D:1      | Reached XP level 1. HP: 10/10 MP: 6/6
     2 | D:1      | Noticed a spriggan
     2 | D:1      | Noticed a troll
     4 | D:1      | Noticed an octopode
     6 | D:1      | Noticed a human
     8 | D:1      | Noticed a naga
     8 | D:1      | Noticed a minotaur
    10 | D:1      | Noticed a vampire
    10 | D:1      | Noticed a vine stalker
    12 | D:1      | Noticed an ogre
    12 | D:1      | Noticed a dwarf
    14 | D:1      | Noticed a gargoyle
    14 | D:1      | Noticed a demigod
    18 | D:1      | Noticed a felid
    18 | D:1      | Noticed a ghoul
    20 | D:1      | Noticed a formicid
    22 | D:1      | Noticed a demonspawn
    22 | D:1      | Noticed a centaur
    24 | D:1      | Noticed a merfolk
    24 | D:1      | Noticed a draconian
    26 | D:1      | Noticed a tengu
    26 | D:1      | Noticed an elf
   205 | D:1      | Reached XP level 2. HP: 13/15 MP: 6/8
   302 | D:1      | Learned a level 2 spell: Throw Frost
   410 | D:1      | Reached skill level 4 in Ice Magic
   671 | D:2      | Reached XP level 3. HP: 19/19 MP: 0/9
   785 | D:2      | Found a sparkling altar of Nemelex Xobeh.
   785 | D:2      | Found an opulent altar of Gozag.
   847 | D:2      | Found a burning altar of Makhleb.
   917 | D:2      | Reached skill level 5 in Ice Magic
   917 | D:2      | Reached XP level 4. HP: 24/24 MP: 3/11
   987 | D:2      | Learned a level 4 spell: Throw Icicle
  1254 | D:2      | Slain by a gnoll

Action                   |  1- 3 |  4- 6 || total
-------------------------+-------+-------++-------
Melee: Unarmed           |     1 |       ||     1
       Whip              |     2 |       ||     2
 Cast: Freeze            |    24 |     6 ||    30
       Throw Frost       |    10 |    10 ||    20
       Throw Icicle      |       |     1 ||     1
  Eat: Pizza             |     1 |       ||     1
